 Dungeon Crawl Stone Soup version 0.26-a0-58-g79b31b8662 (webtiles) character file.

Game seed: 14240031137395862057

2981 Ozzies the Fighter (level 9, -3/64 HPs)
             Began as a Gargoyle Fighter on June 8, 2020.
             Was an Initiate of Okawaru.
             Slain by a spatial vortex (10 damage)
             ... summoned by a spatial maelstrom
             ... on level 1 of the Abyss.
             The game lasted 00:20:34 (7649 turns).

Ozzies the Fighter (Gargoyle Fighter)               Turns: 7649, Time: 00:20:34

Health: -3/64      AC: 19    Str: 22    XL:     9   Next: 83%
Magic:  9/9        EV:  8    Int: 10    God:    Okawaru [......]
Gold:   321        SH: 10    Dex:  9    Spells: 8/8 levels left

rFire    . . .     SeeInvis .   C - +2 hand axe (venom)
rCold    . . .     Gourm    .   c - +0 kite shield
rNeg     + . .     Faith    .   b - +0 scale mail
rPois    ∞         Spirit   .   B - +0 helmet
rElec    +         Reflect  .   D - +0 cloak
rCorr    .         Harm     .   z - +0 pair of gloves
MR       .....                  s - +0 pair of boots
Stlth    ..........             (no amulet)
HPRegen  0.20/turn              u - ring of flight
MPRegen  0.11/turn              (no ring)

@: hasted, very quick
A: negative energy resistance 1, electricity resistance, unbreathing,
petrification resistance, rot immunity, AC +6
a: Renounce Religion, Evoke Flight


You were on level 1 of the Abyss.
You worshipped Okawaru.
Okawaru was noncommittal.
You were hungry.

You visited 2 branches of the dungeon, and saw 8 of its levels.
You visited the Abyss 1 time.
You also visited: Sewer and Ossuary.

You collected 321 gold pieces.

Inventory:

Hand Weapons
 y - a +0 whip of flaming
 C - a +2 hand axe of venom (weapon)
Armour
 b - a +0 scale mail (worn)
 c - a +0 kite shield (worn)
 s - a +0 pair of boots (worn)
 z - a +0 pair of gloves (worn)
 B - a +0 helmet (worn)
 D - a +0 cloak (worn)
Magical Staves
 A - an uncursed staff of summoning
Jewellery
 u - a ring of flight (left hand)
Wands
 h - a wand of acid (9)
 v - a wand of polymorph (7)
Scrolls
 a - 3 scrolls of enchant armour {unknown}
 d - 2 scrolls of holy word
 g - 3 scrolls of remove curse
 i - a scroll of magic mapping
 j - 8 scrolls of identify
 k - a scroll of amnesia
 o - a scroll of enchant weapon
 p - 2 scrolls of fog
 q - 11 scrolls of teleportation
Potions
 l - 3 potions of degeneration
 m - 2 potions of heal wounds
 n - 4 potions of lignification
 r - 3 potions of brilliance
 w - a potion of flight
 x - 2 potions of stabbing
Comestibles
 f - 12 rations


   Skills:
 * Level 11.1 Fighting
 + Level 6.0 Maces & Flails
 + Level 6.2 Armour
 + Level 6.2 Shields


You had 8 spell levels left.
You didn't know any spells.
Your spell library contained the following spells:

 Spells                   Type           Power        Failure   Level  Hunger
 Animate Skeleton         Necr           N/A          96%         1    ##.....
 Apportation              Tloc           #.....       96%         1    ##.....
 Corona                   Hex            #......      96%         1    ##.....
 Summon Small Mammal      Summ           #...         96%         1    ##.....


Dungeon Overview and Level Annotations

Branches:
Dungeon (7/15)             Temple (1/1) D:5           Sewer (visited)
Ossuary (visited)

Altars:
Ashenzari
Dithmenos
Elyvilon
Gozag
Hepliaklqana
Nemelex Xobeh
Okawaru
Qazlal
Ru
Vehumet
Wu Jian
Xom
Yredelemnul
Zin
Beogh

Annotations:
D:6 Maggie


Innate Abilities, Weirdness & Mutations

You are resistant to torment.
Your stone body is resilient. (AC +6)
You are immune to poison.
You resist negative energy. (rN+)
You are resistant to electric shocks. (rElec)
You can survive without breathing.
You are immune to petrification.
You are immune to rotting.


Message History

You block the spatial maelstrom's attack.
The spatial maelstrom hits you!
* * * LOW HITPOINT WARNING * * *
You wobble for a moment.
You feel yourself speed up.
The spatial maelstrom hits you but does no damage.
The spatial maelstrom hits you!
* * * LOW HITPOINT WARNING * * *
As you read the scroll of holy word, it crumbles to dust.
You speak a Word of immense power!
The shock serpent skeleton convulses!
The freezing wraith convulses!
The spatial maelstrom hits you but does no damage.
You block the spatial maelstrom's attack.
An orange demon comes into view.
The orange demon screeches!
The shock serpent skeleton is lost in a daze.
A spatial vortex comes into view.
The shock serpent skeleton is lost in a daze.
The spatial vortex hits you!
You die...

.. # .. #..#. ...
####.#4 .#.## #
#....#. ....
...#.....##... #. .
#.###....#......#....
.. ..#. #....v#.....#
..4. # .#. ##.v@#
..#..##...###...#.#
..###..#....WZ.#.#.#
........#4...####..
.#.## ###..#.#.# .##
.. .# .....##..# .
..#.#...v##. .#.. #
.(.# #.... .......# .
##....#v.#.##.# .


You could see a spatial maelstrom, a spatial vortex, an ice devil, a freezing
wraith (dazed) and a shock serpent skeleton (dazed).

Vanquished Creatures
  Pikel (D:4)
  The ghost of Killmatronix the Ruffian, an amateur OgTm (D:4)
  Eustachio (D:5)
  Edmund (D:4)
  Duvessa (D:6)
  An orc warrior (D:6)
  2 ogres
  An ice beast (D:6)
  A centaur (D:6)
  3 bullfrogs (D:6)
  Dowan (D:6)
  2 scorpions
  4 crimson imps
  A howler monkey (D:6)
  A centaur zombie (Ossuary)
  3 hounds
  A jelly (D:4)
  2 centaur skeletons
  3 orc priests
  2 iguanas
  7 orc wizards
  3 worker ants
  4 big kobold zombies (Ossuary)
  6 mummies (Ossuary)
  9 adders
  A shadow imp (D:6)
  6 oozes
  4 adder skeletons
  4 worms
  3 dart slugs
  7 leopard geckos
  30 orcs
  6 giant cockroaches
  5 goblins
  11 hobgoblins
  16 jackals
  A quokka (D:2)
  3 ball pythons
  21 bats
  3 frilled lizards
  2 hobgoblin zombies (Ossuary)
  A jackal skeleton (D:4)
  2 jackal zombies (D:6)
  5 kobolds
  2 leopard gecko skeletons (D:6)
  18 rats
213 creatures vanquished.

Vanquished Creatures (others)
  A slave (D:4)
  2 orc wizards (D:4)
  5 orcs (D:4)
  A jackal skeleton (D:4)
  A leopard gecko skeleton (D:4)
10 creatures vanquished.

Grand Total: 223 creatures vanquished

Notes
Turn   | Place    | Note
-------+----------+-------------------------------------------
     0 | D:1      | Ozzies the Gargoyle Fighter began the quest for the Orb.
     0 | D:1      | Reached XP level 1. HP: 14/14 MP: 1/1
    83 | D:1      | Reached XP level 2. HP: 18/20 MP: 2/2
   208 | D:1      | Reached skill level 4 in Fighting
   433 | D:1      | Reached XP level 3. HP: 19/24 MP: 3/3
  1390 | D:2      | Reached skill level 5 in Fighting
  1647 | D:2      | Reached XP level 4. HP: 31/31 MP: 4/4
  2321 | D:3      | Noticed a water elemental
  2323 | D:3      | Found a stormy altar of Qazlal.
  2334 | D:3      | Noticed an earth elemental
  2335 | D:3      | Noticed a fire elemental
  2335 | D:3      | Noticed an air elemental
  2400 | D:3      | Reached skill level 6 in Fighting
  2414 | D:3      | Reached XP level 5. HP: 33/36 MP: 5/5
  2739 | D:3      | Found a basalt altar of Yredelemnul.
  2746 | D:3      | Found a hazy altar of Hepliaklqana.
  2865 | D:3      | Found a glowing drain.
  2869 | Sewer    | Entered a sewer
  3992 | D:4      | Noticed Pikel
  3992 | D:4      | Noticed a slave
  3992 | D:4      | Noticed a slave
  3992 | D:4      | Noticed a slave
  3992 | D:4      | Noticed a slave
  4007 | D:4      | Killed Pikel
  4007 | D:4      | Reached skill level 7 in Fighting
  4007 | D:4      | Reached XP level 6. HP: 25/44 MP: 6/6
  4007 | D:4      | Reached XP level 7. HP: 28/48 MP: 7/7
  4193 | D:4      | Found a sand-covered staircase.
  4208 | Ossuary  | Entered an ossuary
  4253 | Ossuary  | Gained mutation: You are clumsy. (Dex -2) [potion of
                  | mutation]
  4253 | Ossuary  | Lost mutation: You are clumsy. (Dex -2) [potion of
                  | mutation]
  4338 | Ossuary  | Reached XP level 8. HP: 23/54 MP: 8/8
  4359 | Ossuary  | Reached skill level 5 in Armour
  4359 | Ossuary  | Reached skill level 5 in Shields
  4578 | D:4      | Reached skill level 8 in Fighting
  4580 | D:4      | Found a radiant altar of Vehumet.
  4937 | D:4      | Found a runed translucent gate.
  4938 | D:4      | Found a runed translucent gate.
  4939 | D:4      | Found a runed translucent gate.
  4939 | D:4      | Noticed Killmatronix's ghost (amateur OgTm)
  4940 | D:4      | Found a roughly hewn altar of Beogh.
  4961 | D:4      | Found an opulent altar of Gozag.
  5095 | D:4      | Noticed Edmund
  5117 | D:4      | Killed Edmund
  5117 | D:4      | Reached skill level 5 in Maces & Flails
  5555 | D:4      | Killed Killmatronix's ghost
  5555 | D:4      | Reached skill level 9 in Fighting
  5733 | D:5      | Entered Level 5 of the Dungeon
  5733 | D:5      | Noticed Eustachio
  5753 | D:5      | Killed Eustachio
  5753 | D:5      | Reached skill level 10 in Fighting
  5784 | D:5      | Reached XP level 9. HP: 55/62 MP: 9/9
  5833 | D:5      | You fall into a shaft and drop 1 floor!
  5908 | D:6      | Found a sacrificial altar of Ru.
  5961 | D:6      | Found a sparkling altar of Nemelex Xobeh.
  6011 | D:6      | Noticed Duvessa
  6013 | D:6      | Noticed Dowan
  6096 | D:6      | Killed Duvessa
  6125 | D:6      | Killed Dowan
  6531 | D:6      | Found an ornate altar of the Wu Jian Council.
  6813 | D:7      | Found a shadowy altar of Dithmenos.
  6959 | D:5      | Reached skill level 11 in Fighting
  7106 | D:5      | Found a staircase to the Ecumenical Temple.
  7114 | Temple   | Entered the Ecumenical Temple
  7127 | Temple   | Became a worshipper of Warmaster Okawaru
  7511 | D:7      | Noticed Maggie
  7521 | D:6      | Cast into level 1 of the Abyss (Maggie)
  7624 | Abyss:1  | Noticed a freezing wraith
  7626 | Abyss:1  | Noticed an ice devil
  7628 | Abyss:1  | Noticed a spatial maelstrom
  7647 | Abyss:1  | Noticed an orange demon
  7649 | Abyss:1  | Slain by a spatial vortex

Illustrated notes

Levels and vault maps discovered:
D:1:      dpeg_arrival_signposts, layout_basic, minmay_rat_gold_closets
D:2:      minmay_recursive_quarters, layout_basic,
          hangedman_abyss_or_decor_lesser_grid
D:3:      layout_rooms, nicolae_qazlal_style_of_elements, minitemple,
          gup_sewer_entry_bowl
D:4:      layout_basic, vehumet_crystals, old_standard_altar,
          biasface_ghost_orc_armoury, lightli_ossuary_entry_decrepit_ruins,
          first_ration, uniq_edmund, uniq_pikel
D:5:      layout_gridville, temple_statues, uniq_eustachio
D:6:      layout_rooms, lemuel_round_altar, kennysheep_little_box,
          nemelex_xobeh_ov_fountains_minmay, uniq_duvessa
D:7:      layout_cave_pools, grunt_dithmenos_smoke_and_mirrors, basic_altar,
          minmay_fractal_squares_5, uniq_maggie
Temple:   dpeg_three_leaves_temple
Abyss:1:  base:
D:4

Skill      XL: |  1  2  3  4  5  6  7  8  9 |
---------------+----------------------------+-----
Fighting       | 4 5 6 7 10 11 | 11.1
Maces & Flails | 3 5 6 |  6.0
Armour         | 4 5 6 |  6.2
Shields        | 4 5 6 |  6.2

Action                   |  1- 3 |  4- 6 |  7- 9 || total
-------------------------+-------+-------+-------++-------
Melee: Flail             |   163 |   312 |     1 ||   476
       Whip              |       |       |   335 ||   335
       Hand axe          |       |       |   226 ||   226
       Staff             |       |       |     2 ||     2
  Use: Potion            |       |     2 |     9 ||    11
       Scroll            |       |     1 |    13 ||    14
  Eat: Chunk             |     3 |     5 |     9 ||    17
       Ration            |       |     1 |     1 ||     2
Armor: Scale mail        |   108 |   336 |   321 ||   765
Dodge: Dodged            |    70 |   197 |   162 ||   429
Block: Kite shield       |   105 |   248 |   292 ||   645

Table legend:
 A = Non-vault XP
 B = Vault XP
 C = Vault XP percentage of total XP
 D = Non-vault monster count
 E = Vault monster count
 F = Vault count percentage of total count
                 A         B        C        D         E       F
            +---------+---------+-------+---------+---------+-------
      Total |    2349 |    1910 |  44.8 |     139 |      74 |  34.7
            +---------+---------+-------+---------+---------+-------
        D:1 |      40 |       7 |  14.9 |      21 |       7 |  25.0
        D:2 |      68 |      19 |  21.8 |      27 |      10 |  27.0
        D:3 |      44 |       6 |  12.0 |      15 |       4 |  21.1
        D:4 |     506 |    1106 |  68.6 |      27 |      13 |  32.5
        D:5 |     641 |     211 |  24.8 |      23 |       1 |   4.2
        D:6 |    1050 |     234 |  18.2 |      26 |       2 |   7.1
      Sewer |       0 |      72 | 100.0 |       0 |      24 | 100.0
    Ossuary |       0 |     255 | 100.0 |       0 |      13 | 100.0
            +---------+---------+-------+---------+---------+-------
